 Dungeon Crawl Stone Soup version 0.24.0-28-g17ded55e90 (webtiles) character file.

Game seed: 10724944983573724591, levelgen mode: deterministic

205 Arum the Slasher (level 5, 0/33 HPs)
             Began as a Tengu Gladiator on Nov 11, 2019.
             Killed by nerve-wracking pain
             ... invoked by Grinder
              (14 damage)
             ... on level 3 of the Dungeon.
             The game lasted 00:03:20 (1387 turns).

Arum the Slasher (Tengu Gladiator)                  Turns: 1387, Time: 00:03:21

Health: 0/33       AC:  6    Str: 15    XL:     5   Next: 83%
Magic:  6/6        EV: 14    Int:  8    God:
Gold:   83         SH:  0    Dex: 16    Spells: 4/4 levels left

rFire    . . .     SeeInvis +   a - +0 long sword
rCold    . . .     Gourm    .   (no shield)
rNeg     . . .     Faith    .   b - +0 scale mail (curse)
rPois    .         Spirit   .   c - +0 hat
rElec    .         Reflect  .   o - scarf {repulsion}
rCorr    +         Harm     .   (no gloves)
MR       .....                  (boots unavailable)
Stlth    ..........             s - amulet of regeneration
HPRegen  0.51/turn              l - ring of resist corrosion
MPRegen  0.10/turn              j - ring of see invisible

@: flying quickly and evasively, repel missiles, quick
A: beak, talons 3, able to fly
a: Stop Flying


You were on level 3 of the Dungeon.
You were not hungry.

You visited 1 branch of the dungeon, and saw 3 of its levels.

You collected 83 gold pieces.

Inventory:

Hand Weapons
 a - a +0 long sword (weapon)
Missiles
 d - 2 throwing nets (quivered)
 h - 20 poisoned darts
Armour
 b - a cursed +0 scale mail (worn)
 c - a +0 hat (worn)
 o - a scarf of repulsion (worn)
Jewellery
 j - a ring of see invisible (right hand)
 l - a ring of resist corrosion (left hand)
 s - an amulet of regeneration (around neck)
Scrolls
 e - 3 scrolls of identify {unknown}
 g - 3 scrolls of fog {unknown}
 k - a scroll of enchant armour {unknown}
 m - a scroll of amnesia {unknown}
 u - 2 scrolls of fear {unknown}
Potions
 i - 2 potions of lignification {unknown}
 n - 2 potions of might {unknown}
 p - 2 potions of brilliance {unknown}
 q - a potion of ambrosia {unknown}
 r - 2 potions of degeneration {unknown}
 v - 2 potions of magic {unknown}
Comestibles
 f - 12 rations
 t - 2 chunks of flesh


   Skills:
 + Level 3.7 Fighting
 + Level 4.8 Long Blades
 - Level 2.0 Throwing
 + Level 4.8 Dodging


You had 4 spell levels left.
You didn't know any spells.
Your spell library was empty.

Dungeon Overview and Level Annotations

Branches:
Dungeon (3/15)

Altars:

Annotations:
D:3 Grinder


Innate Abilities, Weirdness & Mutations

You have a beak for a mouth.
You have claws for feet.
You can fly continuously.


Message History

Things that are here:
a throwing net; 2 throwing nets
d - 2 throwing nets (gained 1);
d - 4 throwing nets (gained 2) Throwing (i - inventory. (/) - cycle)
d - 4 throwing nets (quivered)
Press: ? - help, Shift-Dir - straight line, f/p - Grinder
Aim: Grinder You throw a throwing net.
The throwing net hits Grinder.
Grinder is caught in the net!
Grinder blinks!
You start resting.
Grinder is too close now for your liking.
You start resting.
Grinder is too close now for your liking.
Throwing (i - inventory. (/) - cycle)
d - 3 throwing nets (quivered)
Press: ? - help, Shift-Dir - straight line, f/p - Grinder
Aim: Grinder You throw a throwing net.
The throwing net hits Grinder.
Grinder is caught in the net!
Grinder gestures at you. Pain shoots through your body!
You die...

... <# ##.##.#
....... #..$...
#......
######..##.#
#....)..##.#
#.####.(##.#
#..@....(#.#####..
#.###5###((.......
# #.# #.#####.>.
#.###.# ##(.[##
##...## #
#....)#####..#
#.#............#
#....5.######.#


You could see Grinder (caught).

Vanquished Creatures
  A centaur (D:3)
  An orc wizard (D:2)
  Terence (D:2)
  An adder (D:2)
  2 worms (D:2)
  3 dart slugs
  2 leopard geckos
  3 orcs (D:2)
  A giant cockroach (D:3)
  5 goblins
  5 hobgoblins
  2 jackals (D:1)
  6 kobolds
  5 bats
  4 frilled lizards
  6 rats
48 creatures vanquished.

Notes
Turn   | Place    | Note
-------+----------+-------------------------------------------
     0 | D:1      | Arum the Tengu Gladiator began the quest for the Orb.
     0 | D:1      | Reached XP level 1. HP: 12/12 MP: 2/2
   159 | D:1      | Reached XP level 2. HP: 13/17 MP: 3/3
   553 | D:1      | Reached XP level 3. HP: 20/22 MP: 4/4
   847 | D:2      | Reached XP level 4. HP: 13/28 MP: 5/5
  1009 | D:2      | Noticed Terence
  1023 | D:2      | Killed Terence
  1086 | D:2      | Gained mutation: You can fly continuously. [Tengu growth]
  1086 | D:2      | Reached XP level 5. HP: 32/32 MP: 6/6
  1361 | D:3      | Noticed a centaur
  1365 | D:3      | Noticed Grinder
  1369 | D:3      | Killed a centaur
  1387 | D:3      | Killed from afar by Grinder

Levels and vault maps discovered:
D:1:      lightli_arrival_chessboard, layout_basic
D:2:      layout_loops_cross, uniq_terence
D:3:      layout_loops_ring, uniq_natasha, uniq_grinder, uniq_robin

Skill      XL: |  1  2  3 |
---------------+----------+-----
Dodging        | 4 |  4.8
Long Blades    | 4 |  4.8
Fighting       | 3 |  3.7
Throwing       | |  2.0

Action                   |  1- 3 |  4- 6 || total
-------------------------+-------+-------++-------
Melee: Long sword        |    65 |    33 ||    98
       Peck              |     6 |     4 ||    10
       Kick              |    17 |     9 ||    26
Throw: Throwing net      |       |     5 ||     5
 Abil: Fly               |       |     1 ||     1
  Eat: Chunk             |       |     2 ||     2
Armor: Leather armour    |     5 |       ||     5
       Scale mail        |    12 |    12 ||    24
Dodge: Dodged            |    47 |    17 ||    64
       Deflected         |       |     2 ||     2
       Rpst.: Long sword |    10 |     3 ||    13
